 Dungeon Crawl Stone Soup version 0.24-a0-271-ga0fc33f724 (webtiles) character file.

Game seed: 12509155770683950173

46 Esekla the Skirmisher (level 3, -2/20 HPs)
             Began as a Vine Stalker Abyssal Knight on Apr 23, 2019.
             Was a Follower of Lugonu.
             Slain by a gnoll
             ... wielding a +0 flail
              (8 damage)
             ... on level 2 of the Dungeon.
             The game lasted 00:05:48 (1082 turns).

Esekla the Skirmisher (Vine Stalker Abyssal Knight) Turns: 1082, Time: 00:05:49

Health: -2/20      AC:  7    Str: 14    XL:     3   Next: 68%
Magic:  0/5        EV: 11    Int: 12    God:    Lugonu [*.....]
Gold:   20         SH:  0    Dex: 14    Spells: 2/2 levels left

rFire    + . .     SeeInvis .   a - +1 falchion
rCold    + . .     Gourm    .   (no shield)
rNeg     . . .     Faith    .   b - +0 leather armour
rPois    .         Spirit   +   (no helmet)
rElec    .         Reflect  .   d - scarf {rC+ rF+}
rCorr    .         Harm     .   (no gloves)
MR       .....                  (no boots)
Stlth    +.........             (no amulet)
HPRegen  0.06/turn              e - +4 ring of protection
MPRegen  0.09/turn              (no ring)

@: no status effects
A: fangs 2, magic shield, antimagic bite, no potion heal 3, rot immunity
a: Depart the Abyss, Renounce Religion


You were on level 2 of the Dungeon.
You worshipped Lugonu.
Lugonu was aware of your devotion.
You were hungry.

You visited 1 branch of the dungeon, and saw 2 of its levels.
You visited the Abyss 1 time.

You collected 20 gold pieces.

Inventory:

Hand Weapons
 a - a +1 falchion (weapon)
Armour
 b - a +0 leather armour (worn)
 d - a scarf of resistance (worn)
Jewellery
 e - a +4 ring of protection (left hand)
Scrolls
 f - 2 scrolls of enchant weapon {unknown}
 g - a scroll of random uselessness {unknown}
 h - a scroll of fog {unknown}
 i - a scroll of remove curse {unknown}
 k - a scroll of magic mapping {unknown}
Potions
 j - a potion of flight {unknown}
Comestibles
 c - 4 rations


   Skills:
 + Level 3.6 Fighting
 + Level 2.0 Long Blades
 + Level 2.0 Armour
 + Level 0.7 Dodging
 + Level 1.0 Stealth
 + Level 1.8 Invocations


You had 2 spell levels left.
You didn't know any spells.
Your spell library was empty.

Dungeon Overview and Level Annotations

Branches:
Dungeon (2/15)

Altars:


Innate Abilities, Weirdness & Mutations

You have extremely sharp teeth.
When hurt, damage is shared between your health and your magic reserves.
Your bite disrupts and absorbs the magic of your enemies.
Potions cannot restore your health.
You are immune to rotting.


Message History

Your leather armour prevents you from hitting the leopard gecko.
The leopard gecko bites you.
You slash the leopard gecko!
You kill the leopard gecko!
Lugonu accepts your kill.
Your Long Blades skill increases to level 2!
You hit the gnoll. You bite the gnoll, but do no damage.
The gnoll is moderately wounded.
The gnoll hits you with a +0 flail!
You barely miss the gnoll.
The gnoll is moderately wounded.
The gnoll hits you with a +0 flail.
* * * LOW HITPOINT WARNING * * *
You barely miss the gnoll. You bite the gnoll. You drain its power.
You feel invigorated.
The gnoll is heavily wounded.
You barely miss the gnoll.
The gnoll is moderately wounded.
The gnoll hits you with a +0 flail!
You die...

#######..#######
#...<...........
#.######.#.####.
#........#.#
#.####...#.# #.#
#......# #.#
#..##### #.#
#.)#...
#@###..#.####.
###g##..........
##..g.(........##
#..####.....##.#
#####g##..##...##
#
#..........#...#
#.###g.##g.#...#
#.##g$##...#
#.#..##....#


You could see 2 gnolls and a hobgoblin.

Vanquished Creatures
  3 oozes
  A worm (D:2)
  A dart slug (D:1)
  A leopard gecko (D:2)
  A ball python (D:1)
  A giant cockroach (D:1)
  3 goblins
  3 hobgoblins
  5 kobolds (D:1)
  4 bats (D:1)
  2 frilled lizards (D:1)
  A rat (D:1)
26 creatures vanquished.

Notes
Turn   | Place    | Note
-------+----------+-------------------------------------------
     0 | Abyss:1  | Esekla the Vine Stalker Abyssal Knight began the quest for
                  | the Orb.
     0 | Abyss:1  | Reached XP level 1. HP: 11/11 MP: 3/3
    10 | Abyss:1  | Found a corrupted altar of Lugonu.
    70 | Abyss:1  | Noticed a chaos spawn
    94 | Abyss:1  | Noticed a vampire
    97 | D:1      | Escaped the Abyss
   515 | D:1      | Reached skill level 3 in Fighting
   515 | D:1      | Reached XP level 2. HP: 12/16 MP: 2/4
   542 | D:1      | Reached * piety under Lugonu
   757 | D:1      | Reached XP level 3. HP: 12/20 MP: 3/5
  1048 | D:2      | Reached skill level 1 in Stealth
  1082 | D:2      | Slain by a gnoll

Levels and vault maps discovered:
D:1:      ncdulo_wetmaze, layout_basic
D:2:      layout_loops_ring, first_ration, minmay_strange_pillars,
          minmay_close_crescents, uniq_sigmund
Abyss:1:  evilmike_abyss_exit_kraken

Skill      XL: |  1  2  3 |
---------------+----------+-----
Fighting       | 3 |  3.6
Stealth        | 1 |  1.0
Armour         | 2 |  2.0
Long Blades    | 2 |  2.0
Dodging        | |  0.7
Invocations    | |  1.8

Action                   || total
-------------------------++-------
Melee: Falchion          ||    80
       Bite              ||    22
Invok: Depart the Abyss  ||     1
Armor: Leather armour    ||    32
Dodge: Dodged            ||    52
       Rpst.: Falchion   ||    16

Table legend:
 A = Non-vault XP
 B = Vault XP
 C = Vault XP percentage of total XP
 D = Non-vault monster count
 E = Vault monster count
 F = Vault count percentage of total count
                 A         B        C        D         E       F
            +---------+---------+-------+---------+---------+-------
      Total |      50 |      17 |  25.4 |      22 |       4 |  15.4
            +---------+---------+-------+---------+---------+-------
        D:1 |      48 |       0 |   0.0 |      21 |       0 |   0.0
        D:2 |       2 |      17 |  89.5 |       1 |       4 |  80.0
            +---------+---------+-------+---------+---------+-------
